 Dungeon Crawl Stone Soup version 0.17.0-7-gfadd4cc (webtiles) character file.

96585 oplop the Spry (level 15, -36/71 (72) HPs)
             Began as a Spriggan Enchanter on Nov 8, 2015.
             Was the Champion of Ru.
             Killed from afar by a merfolk aquamancer (39 damage)
             ... with a shard of ice
             ... on level 4 of the Shoals.
             The game lasted 01:30:08 (24363 turns).

oplop the Spry (Spriggan Enchanter)                Turns: 24363, Time: 01:30:08

HP:   -36/71 (72)   AC: 13    Str:  4    XL:     15   Next: 69%
MP:   5/32          EV: 28    Int: 20    God:    Ru [******]
Gold: 1512          SH:  0    Dex: 19    Spells: 6 memorised, 15 levels left

rFire  . . .     SeeInvis +     x - +9 quick blade
rCold  . . .     Clarity  .     b - +1 robe
rNeg   + . .     SustAt   .     (shield restricted)
rPois  .         Gourm    .     F - +2 hat
rElec  .         Spirit   .     e - +2 cloak {+Inv}
rCorr  .         Warding  +     (gloves unavailable)
rMut   .         Stasis   .     (boots unavailable)
MR     ++...                    P - amulet of warding
Stlth  +++++++++.               Y - ring of stealth
                                K - ring of protection from magic

@: exhausted, no potions, drained, very quick, very resistant to hostile
enchantments, incredibly stealthy
A: unfitting armour, claws 1, rough black scales 1, see invisible, herbivore 3,
speed 3, frail 1, shaggy fur 1, slow metabolism 2, inability to drink while
threatened, inability to train armour, no air magic, no charms magic, no
necromancy magic, magic vulnerability 1, inexperienced 1
a: Draw Out Power, Power Leap, Apocalypse, Renounce Religion, Evoke Invisibility


You were on level 4 of the Shoals.
You worshipped Ru.
Ru was exalted by your worship.
You were not hungry.

You visited 4 branches of the dungeon, and saw 28 of its levels.
You also visited: Labyrinth.

You collected 1768 gold pieces.
You spent 256 gold pieces at shops.

Inventory:

Hand Weapons
 a - a +2 dagger of electrocution
 x - a +9 quick blade (weapon)
 S - a +0 blowgun
Missiles
 y - 7 needles of confusion
 N - 2 throwing nets (quivered)
Armour
 b - a +1 robe (worn)
 e - a +2 cloak of invisibility (worn)
 F - a +2 hat (worn)
 L - a +0 buckler of fire resistance
Rods
 t - a +0 lightning rod (13/13)
   (You found it in a labyrinth)
 z - a +1 rod of shadows (10/10)
   (You found it in a labyrinth)
 Q - a +1 rod of ignition (13/13)
   (You found it in a labyrinth)
Jewellery
 g - an uncursed ring of protection from cold
 i - an uncursed ring of positive energy
 v - an uncursed ring of poison resistance
 B - a +2 ring of dexterity
 K - a ring of protection from magic (left claw)
 P - an amulet of warding (around neck)
 Y - a ring of stealth (right claw)
Wands
 c - a wand of paralysis (13)
 u - a wand of lightning (14)
 I - a wand of draining (7)
 W - a wand of hasting (6)
 Z - a wand of confusion (19)
Scrolls
 h - 5 scrolls of amnesia
 j - 3 scrolls of magic mapping
 k - 14 scrolls of remove curse
 l - 10 scrolls of teleportation
 m - 10 scrolls of enchant weapon
 o - 4 scrolls of blinking
 s - 6 scrolls of identify
 C - 6 scrolls of enchant armour
 H - 2 scrolls of fog
 M - a scroll of fear
 T - a scroll of recharging
Potions
 f - 10 potions of curing
 q - 4 potions of haste
 r - a potion of resistance
 w - 3 potions of might
 A - 2 potions of invisibility
 D - 3 potions of flight
 E - 2 potions of agility
 G - 2 potions of heal wounds
 J - 4 potions of brilliance
 O - a potion of berserk rage
 U - 2 potions of cure mutation
 X - a potion of cancellation
Books
 p - a book of Dreams

   Spells                             Type                      Level
   a - Ensorcelled Hibernation        Hexes/Ice                    2
   b - Phase Shift                    Translocation                5
   c - Shadow Creatures               Summoning                    5
   d - Silence                        Hexes/Air                    5
   e - Darkness                       Hexes                        6
   f - Mass Confusion                 Hexes                        6
Miscellaneous
 V - a box of beasts
Comestibles
 d - 14 bread rations
 n - 13 fruits
 R - a slice of pizza


   Skills:
 + Level 10.2(9.4) Fighting
 - Level 10.7(9.9) Short Blades
 - Level 17.6(16.7) Dodging
 - Level 17.3(16.4) Stealth
 + Level 12.0(11.2) Spellcasting
 + Level 12.4(11.5) Hexes
 + Level 12.3(11.4) Evocations


You had 15 spell levels left.
You knew the following spells:

 Your Spells              Type           Power        Failure   Level  Hunger
a - Dazzling Spray        Conj/Hex       ####....     1%          3    None
b - Ensorcelled Hibernat  Hex/Ice        ####..       1%          2    None
c - Confuse               Hex            ######..     1%          3    None
d - Tukima's Dance        Hex            ######..     1%          3    None
e - Mass Confusion        Hex            ######....   12%         6    ######.
f - Darkness              Hex            ######....   12%         6    ######.


Dungeon Overview and Level Annotations

Branches:
Dungeon (15/15)            Temple (1/1) D:4            Lair (8/8) D:11
 Shoals (4/4) Lair:3        Snake (0/4) Lair:3        Slime (0/6) Lair:6
    Orc (0/4) D:10         Vaults (0/5) D:14         Depths (0/5) D:15

Altars:
Ashenzari
Cheibriados
Dithmenos
Elyvilon
Fedhas
Gozag
Kikubaaqudgha
Makhleb
Nemelex Xobeh
Okawaru
Qazlal
Ru
Sif Muna
Trog
Vehumet
Xom
Yredelemnul
Zin
The Shining One
Beogh

Shops:
D:9 *:(


Innate Abilities, Weirdness & Mutations

You are tiny and cannot use many weapons and most armour.
You have supernaturally acute eyesight.
You are a herbivore.
You cover ground extremely quickly.
You are frail (-10% HP).
You need consume almost no food.
You cannot drink potions while threatened.
You cannot train Armour skill.
You cannot study or cast Air magic.
You cannot study or cast Charms magic.
You cannot study or cast Necromancy magic.
You are slightly vulnerable to magic.
You are somewhat inexperienced (-2 XL).
You have sharp fingernails.
You are partially covered in rough black scales (AC +4, Dex -1).
You are covered in fur (AC +1).


Message History

Aim: a merfolk javelineer, wielding a spear of piercing and wearing a leather armour (heavily wounded, slow, chance to defeat MR: 34%)
The merfolk javelineer easily resists.
This wand has 13 charges left.
A manticore comes into view.
Evoke which item? (* to show all) (? for menu, Esc to quit)
Zapping:
u - a wand of lightning (15)
Press: ? - help, Shift-Dir - straight line, f/p - merfolk javelineer
Aim: a merfolk javelineer, wielding a spear of piercing and wearing a leather armour (heavily wounded, slow)
You hear a mighty clap of thunder!
The bolt of lightning misses the merfolk javelineer.
This wand has 14 charges left.
You hear an angry hiss.
You hear a screech!
You hear a screech!
You hear a shout! x3
Something shouts, "Attack, my pets!
Attack!"
You hear an angry hiss. x2
You redirect the merfolk aquamancer's attack!
The merfolk javelineer misses you.
The merfolk aquamancer gestures at you while chanting.
The shard of ice hits you!
Ouch! That really hurt!
You die...

##...##)†≈#####≈
#....)#≈<≈≈≈≈≈≈≈
#..φ)['≈)≈≈≈≈≈≈≈
#...).#(.≈≈≈≈≈≈≈
≈P≈##.).##..≈≈≈≈≈≈≈
PPPP#####..)≈≈≈≈≈≈≈
P≈≈P≈....[m)≈≈≈≈≈≈≈
PPP≈≈≈......≈≈≈≈≈≈≈
P≈P≈≈≈≈..[@≈≈≈≈≈≈≈≈
PPP≈≈≈(≈..≈≈≈≈≈≈≈≈≈
≈≈≈≈≈≈≈≈P≈≈≈≈≈≈≈≈≈≈
≈≈≈≈≈≈PPP≈≈≈≈≈≈≈≈≈≈
≈≈≈≈≈≈P≈m≈≈≈≈≈≈≈≈≈≈
≈≈≈≈≈≈≈H≈≈≈≈≈≈≈≈≈≈≈
≈≈≈≈##'##≈≈≈≈≈≈≈≈
≈≈# ≈≈ ##≈≈≈≈≈≈≈


You could see a merfolk javelineer, a merfolk aquamancer and a manticore.

Vanquished Creatures
  Gastronok (Lair:4)
  The ghost of George the Champion of Chaos, a journeyman DsFi of Makhleb (Lair:8)
  A minotaur (Lab)
  A merfolk javelineer (Shoals:4)
  2 merfolk impalers (Shoals:4)
  4 hydras
  2 merfolk aquamancers (Shoals:4)
  4 centaur warriors
  5 catoblepae
  2 tengu warriors (D:14)
  21 death yaks
  2 skeletal warriors (D:15)
  A sea snake (Shoals:3)
  An unseen horror (D:12)
  A necromancer (D:15)
  2 wizards (D:14)
  3 hill giants
  8 harpies (Shoals:3)
  6 griffons
  A frost giant zombie (D:15)
  A water nymph (Shoals:2)
  3 manticores
  6 ugly things
  3 cyclopes
  An elephant (Lair:8)
  A siren (Shoals:2)
  3 black mambas
  7 spiny frogs
  A gargoyle (D:15)
  3 torpor snails
  2 centaur skeletons
  10 fire drakes
  A yaktaur (D:14)
  A guardian mummy (D:15)
  7 komodo dragons
  5 merfolk
  2 minotaur zombies (Lab)
  4 trolls
  8 polar bears (Lair:7)
  2 snapping turtles (Shoals:2)
  10 slime creatures
  23 blink frogs
  A boulder beetle (Lair:8)
  A deep troll zombie (D:15)
  3 trapdoor spiders
  A two-headed ogre (D:13)
  5 water elementals
  Sigmund (D:2)
  A shadow (D:13)
  A wraith (D:12)
  60 yaks
  2 hogs (D:11)
  3 basilisks
  3 steam dragons
  5 wolves (Lair:4)
  19 humans
  4 wyverns
  12 hippogriffs
  3 nagas (Lair:3)
  3 vampire mosquitoes (D:12)
  2 mottled dragons
  8 water moccasins
  A soldier ant (D:14)
  11 porcupines
  A hell hound (Lair:6)
  3 orc warriors
  A wasp (D:15)
  A hornet simulacrum (D:14)
  An ice beast (D:9)
  6 ogres
  A black bear (D:6)
  4 sky beasts
  4 necrophages
  3 phantoms
  4 big kobolds
  17 crocodiles
  16 centaurs
  2 brain worms
  19 giant frogs
  A wyvern zombie (D:11)
  8 scorpions
  6 killer bees (D:8)
  4 wights
  An electric eel (Lair:5)
  5 crimson imps
  6 centaur zombies
  A giant frog zombie (D:13)
  2 hounds
  4 jellies
  3 giant frog skeletons
  7 orc priests
  9 orc wizards
  10 worker ants
  8 iguanas
  13 sheep
  A hound zombie (D:5)
  2 hound skeletons
  3 worker ant zombies
  Robin (D:3)
  12 adders
  4 gnolls
  58 river rats
  4 shadow imps
  An adder zombie (D:8)
  2 adder skeletons
  2 worms
  11 giant geckos
  20 orcs
  A ball python (D:4)
  5 giant cockroaches
  14 hobgoblins
  2 quokkas (D:6)
  14 bats
  16 giant newts
  5 goblins
  6 jackals
  A jackal skeleton (D:6)
  23 kobolds
  A quokka zombie (D:5)
  9 rats
  A fire vortex (Lair:5)
  A fungus (Lair:6)
  3 plants
717 creatures vanquished.

Vanquished Creatures (collateral kills)
  A vault guard (D:14)
  A merfolk aquamancer (Shoals:4)
  A skeletal warrior (D:15)
  A wizard (D:14)
  A necromancer (D:14)
  A siren (Shoals:4)
  4 merfolk (Shoals:3)
  A two-headed ogre (D:9)
  A yak (Lair:1)
  Edmund (D:6)
  2 ogres
  4 wights (D:6)
  3 orc wizards
  An orc priest (D:10)
  3 gnolls (D:9)
  8 orcs
  2 kobolds (D:14)
36 creatures vanquished.

Vanquished Creatures (others)
  4 dancing weapons
  A hill giant (D:12)
  2 polar bears (Lair:7)
  A human (D:14)
  A centaur (D:15)
  A crocodile (Lair:4)
  A big kobold (D:9)
  12 fungi
  18 plants
41 creatures vanquished.

Grand Total: 794 creatures vanquished

Notes
Turn   | Place    | Note
--------------------------------------------------------------
     0 | D:1      | oplop the Spriggan Enchanter began the quest for the Orb.
     0 | D:1      | Reached XP level 1. HP: 9/9 MP: 5/5
   178 | D:1      | Reached XP level 2. HP: 8/13 MP: 6/6
   184 | D:1      | Learned a level 2 spell: Ensorcelled Hibernation
   949 | D:2      | Reached XP level 3. HP: 16/16 MP: 0/8
  1023 | D:2      | Reached skill level 5 in Stealth
  1109 | D:2      | Found a snail-covered altar of Cheibriados.
  1510 | D:2      | Found a faded altar to an unknown god.
  1544 | D:2      | Reached XP level 4. HP: 9/21 MP: 5/10
  1698 | D:2      | Noticed Sigmund
  1703 | D:2      | Killed Sigmund
  1703 | D:2      | Reached skill level 5 in Dodging
  1703 | D:2      | Reached skill level 6 in Stealth
  1703 | D:2      | Reached skill level 5 in Hexes
  1703 | D:2      | Reached XP level 5. HP: 3/24 MP: 8/12
  2240 | D:2      | Found a shattered altar of Ashenzari.
  2420 | D:3      | Reached XP level 6. HP: 28/28 MP: 13/13
  2432 | D:3      | Found a shimmering altar of Xom.
  2551 | D:3      | Noticed Robin
  2558 | D:3      | Killed Robin
  3247 | D:4      | Learned a level 3 spell: Tukima's Dance
  3266 | D:4      | Reached skill level 5 in Spellcasting
  3371 | D:4      | Found a staircase to the Ecumenical Temple.
  3480 | Temple   | Entered the Ecumenical Temple
  3573 | D:4      | Reached skill level 7 in Stealth
  3573 | D:4      | Reached XP level 7. HP: 32/32 MP: 15/15
  3640 | D:4      | Learned a level 3 spell: Confuse
  3937 | D:5      | Entered Level 5 of the Dungeon
  4038 | D:5      | Found a glowing golden altar of the Shining One.
  4370 | D:5      | Reached XP level 8. HP: 36/36 MP: 15/18
  4378 | D:5      | Found a sacrificial altar of Ru.
  4446 | D:5      | Became a worshipper of Ru the Awakened
  4601 | D:5      | Found a basalt altar of Yredelemnul.
  4707 | D:6      | Noticed a hill giant
  4716 | D:6      | Killed a hill giant
  4716 | D:6      | Reached skill level 8 in Dodging
  4782 | D:6      | Reached skill level 9 in Dodging
  4817 | D:6      | Reached XP level 9. HP: 39/39 MP: 21/21
  5044 | D:6      | Reached skill level 5 in Short Blades
  5139 | D:6      | Noticed Edmund
  5153 | D:6      | Killed Edmund
  5403 | D:7      | Reached skill level 10 in Dodging
  5531 | D:7      | Gained mutation: You are somewhat inexperienced (-2 XL). [Ru sacrifice]
  5531 | D:7      | Reached XP level 8. HP: 36/36 MP: 21/21
  5531 | D:7      | Reached XP level 7. HP: 32/32 MP: 19/19
  5531 | D:7      | Reached * piety under Ru
  5911 | D:7      | Found a white marble altar of Elyvilon.
  6299 | D:8      | Reached XP level 8. HP: 35/35 MP: 21/21
  7064 | D:9      | Found Onitix's Book Boutique.
  7141 | D:9      | Found Foydeawk's Assorted Antiques.
  7153 | D:9      | Bought an iridescent short sword for 256 gold pieces
  7153 | D:9      | Identified the +4 short sword of the Gnat {flame, Dex+4} (You bought it in a shop on level 9 of the Dungeon)
  7158 | D:9      | Noticed a two-headed ogre
  7172 | D:9      | Killed a two-headed ogre
  7172 | D:9      | Reached skill level 11 in Dodging
  7172 | D:9      | Reached XP level 9. HP: 35/39 MP: 16/23
  7196 | D:9      | Found Caov's Antique Weapon Boutique.
  7387 | D:9      | Reached skill level 1 in Fighting
  7391 | D:9      | Found an iron altar of Okawaru.
  7416 | D:9      | Gained mutation: You cannot study or cast Air magic. [Ru sacrifice]
  7416 | D:9      | Gained mutation: You cannot study or cast Necromancy magic. [Ru sacrifice]
  7416 | D:9      | Gained mutation: You cannot study or cast Charms magic. [Ru sacrifice]
  7416 | D:9      | Reached ** piety under Ru
  7491 | D:9      | Found a glowing silver altar of Zin.
  7685 | D:9      | Found a deep blue altar of Sif Muna.
  7690 | D:9      | Found an ancient bone altar of Kikubaaqudgha.
  7690 | D:9      | Found a radiant altar of Vehumet.
  7695 | D:9      | Identified Vehumet's Catalogue of Conjuration
  7703 | D:9      | Identified Sif Muna's Guide on Curses
  7710 | D:9      | Identified Kikubaaqudgha's Compendium of Unholy Magic
  7760 | D:10     | Entered Level 10 of the Dungeon
  8048 | D:10     | Found a staircase to the Orcish Mines.
  8054 | D:10     | Found a roughly hewn altar of Beogh.
  8285 | D:10     | You fall through a shaft for 2 floors!
  8315 | D:12     | Noticed a centaur warrior
  8408 | D:12     | Reached XP level 10. HP: 38/46 MP: 5/24
  8467 | D:12     | Reached skill level 12 in Dodging
  8673 | D:12     | Noticed a hill giant
  8683 | D:12     | Killed a hill giant
  8691 | D:12     | Noticed a centaur skeleton
  8697 | D:12     | Killed a centaur skeleton
  8697 | D:12     | Reached skill level 10 in Stealth
  8900 | D:12     | Noticed a cyclops
  8910 | D:12     | Killed a cyclops
  8924 | D:12     | Killed a centaur warrior
  9104 | D:12     | Reached XP level 11. HP: 42/53 MP: 18/25
  9136 | D:12     | Reached skill level 13 in Dodging
  9198 | D:12     | Gained mutation: You are slightly vulnerable to magic. [Ru sacrifice]
  9198 | D:12     | Reached *** piety under Ru
  9213 | D:12     | Noticed an unseen horror
  9247 | D:12     | Killed an unseen horror
  9280 | D:12     | Reached skill level 5 in Fighting
  9431 | D:13     | Found a glowing golden altar of the Shining One.
 10042 | D:13     | Noticed a hill giant
 10057 | D:13     | Killed a hill giant
 10517 | D:14     | Noticed a tengu warrior
 10517 | D:14     | Noticed a tengu warrior
 10549 | D:14     | Killed a tengu warrior
 10586 | D:14     | Killed a tengu warrior
 10719 | D:14     | Reached skill level 14 in Dodging
 10724 | D:14     | Noticed a necromancer
 10900 | D:14     | Killed a necromancer
 10902 | D:14     | Noticed a wizard
 11027 | D:14     | Reached XP level 12. HP: 59/59 MP: 15/26
 11031 | D:14     | Reached skill level 10 in Short Blades
 11046 | D:14     | Noticed a wizard
 11046 | D:14     | Noticed a vault guard
 11062 | D:14     | Killed a vault guard
 11063 | D:14     | Killed a wizard
 11084 | D:14     | Found a gate to the Vaults.
 11122 | D:14     | Noticed a catoblepas
 11159 | D:14     | Killed a catoblepas
 11223 | D:14     | Noticed a catoblepas
 11225 | D:14     | Killed a catoblepas
 11290 | D:14     | Noticed a wizard
 11299 | D:14     | Killed a wizard
 11424 | D:14     | Killed a wizard
 11509 | D:14     | Gained mutation: You cannot drink potions while threatened. [Ru sacrifice]
 11509 | D:14     | Reached **** piety under Ru
 11509 | D:14     | Reached ***** piety under Ru
 11562 | D:14     | Noticed a centaur warrior
 11569 | D:14     | Killed a centaur warrior
 11569 | D:14     | Reached skill level 15 in Dodging
 11576 | D:14     | Noticed a centaur warrior
 11581 | D:14     | Killed a centaur warrior
 11711 | D:15     | Entered Level 15 of the Dungeon
 11828 | D:15     | Found a staircase to the Depths.
 12392 | D:15     | Reached XP level 13. HP: 66/66 MP: 27/27
 12487 | D:15     | Noticed a centaur warrior
 12504 | D:15     | Killed a centaur warrior
 12504 | D:15     | Reached skill level 15 in Stealth
 12623 | D:15     | Reached skill level 16 in Dodging
 12835 | D:11     | Found a labyrinth entrance.
 12871 | Lab      | Entered a labyrinth
 13856 | D:11     | Identified a +1 rod of shadows (10/10) (You found it in a labyrinth)
 13858 | D:11     | Identified a +1 rod of ignition (13/13) (You found it in a labyrinth)
 13887 | D:11     | Found a staircase to the Lair.
 13953 | D:11     | Gained mutation: You cannot train Armour skill. [Ru sacrifice]
 13983 | D:11     | Gained mutation: You have sharp fingernails. [potion of mutation]
 13983 | D:11     | Gained mutation: You are covered in fur (AC +1). [potion of mutation]
 13983 | D:11     | Gained mutation: You are partially covered in rough black scales (AC +4, Dex -1). [potion of mutation]
 13984 | D:11     | Identified the Grimoire of Boosts (You found it on level 11 of the Dungeon)
 14074 | D:11     | Reached skill level 1 in Evocations
 14102 | D:11     | Identified a scroll of acquirement
 14356 | Lair:1   | Entered Level 1 of the Lair of Beasts
 15117 | Lair:2   | Noticed Gastronok
 15258 | D:11     | Learned a level 3 spell: Dazzling Spray
 16227 | Lair:3   | Found a staircase to the Shoals.
 16320 | Lair:3   | Gained mutation: You are frail (-10% HP). [Ru sacrifice]
 16320 | Lair:3   | Reached ****** piety under Ru
 16487 | Lair:3   | Found a staircase to the Snake Pit.
 16944 | Lair:4   | Reached skill level 5 in Evocations
 17526 | Lair:4   | Killed Gastronok
 17526 | Lair:4   | Reached skill level 17 in Dodging
 18362 | Lair:5   | Reached XP level 14. HP: 59/65 MP: 28/28
 19073 | Lair:6   | Found a staircase to the Slime Pits.
 20532 | Lair:7   | Reached skill level 10 in Hexes
 21267 | Lair:7   | Reached skill level 10 in Evocations
 21376 | Lair:8   | Entered Level 8 of the Lair of Beasts
 21482 | Lair:8   | Reached skill level 10 in Spellcasting
 21702 | Lair:8   | Noticed George's ghost (journeyman DsFi)
 22113 | Lair:8   | Killed George's ghost
 22418 | Lair:8   | Reached XP level 15. HP: 70/70 MP: 28/30
 23339 | Shoals:1 | Entered Level 1 of the Shoals
 23339 | Shoals:1 | Noticed a kraken
 23358 | Shoals:1 | Learned a level 6 spell: Mass Confusion
 23649 | Shoals:3 | Learned a level 6 spell: Darkness
 23709 | Shoals:3 | Reached skill level 10 in Fighting
 24298 | Shoals:4 | Entered Level 4 of the Shoals
 24352 | Shoals:4 | HP: 2/71 [merfolk javelineer/javelin (24)]
 24363 | Shoals:4 | Killed from afar by a merfolk aquamancer

Action                   |  1- 3 |  4- 6 |  7- 9 | 10-12 | 13-15 || total
-------------------------+-------+-------+-------+-------+-------++-------
Melee: Dagger            |   110 |   169 |   287 |   312 |  1135 ||  2013
       Short sword       |       |       |    85 |    86 |       ||   171
       Quick blade       |       |       |       |       |   530 ||   530
 Cast: Ensorcelled Hiber |     9 |    22 |    40 |    52 |    75 ||   198
       Corona            |       |     3 |       |       |       ||     3
       Tukima's Dance    |       |     3 |    24 |    22 |    15 ||    64
       Confuse           |       |       |    25 |    40 |    32 ||    97
       Mass Confusion    |       |       |       |       |     1 ||     1
Invok: Sacrifice Experie |       |       |     1 |       |       ||     1
       Sacrifice Arcana  |       |       |     1 |       |       ||     1
       Sacrifice Essence |       |       |       |     1 |       ||     1
       Sacrifice Drink   |       |       |       |     1 |       ||     1
       Power Leap        |       |       |       |       |    13 ||    13
       Sacrifice Health  |       |       |       |       |     1 ||     1
       Sacrifice Durabil |       |       |       |       |     1 ||     1
       Draw Out Power    |       |       |       |       |     2 ||     2
       Apocalypse        |       |       |       |       |     2 ||     2
 Abil: Evoke Invisibilit |       |       |       |       |     4 ||     4
Evoke: Rod               |       |       |       |       |     2 ||     2
       Wand              |       |       |       |       |     2 ||     2
  Use: Scroll            |     1 |     1 |    18 |       |    29 ||    49
       Potion            |       |       |       |       |     2 ||     2
 Stab: Sleeping          |    14 |    29 |    53 |    55 |    95 ||   246
       Distracted        |       |     1 |     3 |     9 |    19 ||    32
       Confused          |       |       |    12 |    24 |    27 ||    63
       Invisible         |       |       |     1 |     2 |    79 ||    82
       Paralysed         |       |       |       |       |     8 ||     8
       Held in net/web   |       |       |       |       |     1 ||     1
  Eat: Bread ration      |       |     1 |       |       |       ||     1
       Pizza             |       |       |       |     1 |     9 ||    10
       Royal jelly       |       |       |       |     1 |       ||     1
       Fruit             |       |       |       |     5 |       ||     5
